 Dungeon Crawl Stone Soup version 0.31-a0-455-g1a7b003ef0 (webtiles) character file.

Game seed: 18356933718149324537

29 senseless the Changeling (level 3, -3/23 HPs)
             Began as an Octopode Shapeshifter on Aug 3, 2023.
             Slain by a hobgoblin (6 damage)
             ... led by Robin
             ... on level 2 of the Dungeon.
             The game lasted 00:01:05 (631 turns).

senseless the Changeling (Octopode Shapeshifter)     Turns: 631, Time: 00:01:06

Health: -3/23      AC:  1    Str: 16    XL:     3   Next: 16%
Magic:  3/3        EV: 13    Int: 10    God:
Gold:   21         SH:  0    Dex: 12    Spells: 2/2 levels left

rFire   . . .        f - +1 dagger (pain)
rCold   . . .        (no shield)
rNeg    . . .        (helmet currently unavailable)
rPois   .            (no amulet)
rElec   .            (no ring)
rCorr   .            (no ring)
SInv    .            (no ring)
Will    .....        (no ring)
Stlth   +++          (no ring)
HPRegen 0.23/turn    (no ring)
MPRegen 0.08/turn    (no ring)
                     (no ring)

%: no passive effects
@: beast-form
A: beast (slay +2), almost no armour, amphibious, 8 rings, camouflage 1,
gelatinous body 1, (nimble swimmer 1), tentacles
a: Begin Untransformation


You were on level 2 of the Dungeon.
You were a hulking beast.
You visited 1 branch of the dungeon, and saw 2 of its levels.

You collected 21 gold pieces.

Inventory:

Hand Weapons
 f - a +1 dagger of pain (weapon)
Talismans
 b - a beast talisman (active)
Scrolls
 d - a scroll of noise {unknown}
 g - a scroll of teleportation {unknown}
Potions
 a - a potion of lignification
 c - a potion of haste {unknown}
 e - a potion of heal wounds {unknown}


   Skills:
 + Level 1.4 Fighting
 + Level 2.3 Dodging
 + Level 1.3 Stealth
 + Level 3.2 Unarmed Combat
 * Level 3.2 Shapeshifting


You had 2 spell levels left.
You didn't know any spells.
Your spell library contained the following spells:

 Spells                   Type           Power      Damage    Failure   Level
 Necrotise                Necr           0%         1d4       36%         1
 Sandblast                Erth           0%         2d4       36%         1
 Passwall                 Tmut/Erth      0%         N/A       50%         2
 Stone Arrow              Conj/Erth      0%         3d7       75%         3
 Vampiric Draining        Necr           0%         2d6       75%         3
 Agony                    Necr           0%         N/A       100%        5


Dungeon Overview and Level Annotations

Branches:
Dungeon (2/15)

Altars:

Annotations:
D:2 Robin


Innate Abilities, Weirdness & Mutations

You are a hulking beast.
Your limbs bulge with bestial killing power. (Slay +2)
You cannot wear most types of armour.
You are amphibious.
You can wear up to eight rings at the same time.
Your skin changes colour to match your surroundings (Stealth+).
Your rubbery body absorbs attacks. (AC +1, EV +1)
((You are camouflaged when in or above water. (Stealth+)))
You have tentacles for arms and can constrict up to eight enemies at once.


Message History

You climb downwards.
Level annotation: Robin The goblin unwields a +0 club.
The goblin wields a +0 sling.
The goblin shoots a sling bullet.
The sling bullet barely misses you. The hobgoblin hits you.
The hobgoblin closely misses you.
The hobgoblin shouts!
There is a stone staircase leading up here.
The hobgoblin misses you. The hobgoblin barely misses you.
The goblin shoots a sling bullet.
The sling bullet misses you.
You climb upwards.
There is a stone staircase leading down here.
You hit the hobgoblin. You grab the hobgoblin. You squeeze the hobgoblin.
You kill the hobgoblin!
The hobgoblin barely misses you.
You puncture the hobgoblin!
You kill the hobgoblin!
No target in view!
No target in view!
You start resting.
HP restored.
You climb downwards.
Level annotation: Robin The goblin shouts!
The hobgoblin hits you.
Robin roars a battlecry!
The goblins go into a battle-frenzy!
The hobgoblin barely misses you. The goblin hits you with a +0 club.
The goblin shoots a sling bullet.
The sling bullet hits you. The hobgoblin misses you.
A goblin comes into view. It is wielding a +0 club.
The hobgoblin hits you. The goblin hits you with a +0 club.
* * * LOW HITPOINT WARNING * * *
The goblin shouts!
There is a stone staircase leading up, spattered with blood here.
The goblin shoots a sling bullet.
The sling bullet closely misses you.
The sling bullet hits the hobgoblin.
The goblin misses you.
Robin roars a battlecry!
The goblin goes into a battle-frenzy!
The hobgoblin hits you.
You die...

#..#
####...##.#
#.......#.#
#........#
#.......##
#.....g..#
#.......#
#.g.)..#
#.!hg..#
#.g.g.g.#
#......#g..
#......# $#
######..# #
#... ...#
...


You could see Robin, 2 hobgoblins and 4 goblins.

Vanquished Creatures
  A dart slug (D:1)
  2 endoplasms (D:1)
  2 giant cockroaches (D:1)
  3 hobgoblins (D:1)
  3 ball pythons (D:1)
  2 bats (D:1)
  A frilled lizard (D:1)
  7 goblins
  A kobold (D:1)
  3 rats
25 creatures vanquished.

Notes
Turn   | Place    | Note
-------+----------+-------------------------------------------
     0 | D:1      | senseless the Octopode Shapeshifter began the quest for the
                  | Orb.
     0 | D:1      | Reached XP level 1. HP: 13/13 MP: 1/1
   173 | D:1      | Reached XP level 2. HP: 16/18 MP: 2/2
   250 | D:1      | Reached skill level 1 in Stealth
   607 | D:2      | Noticed Robin
   610 | D:2      | Reached XP level 3. HP: 21/23 MP: 3/3
   631 | D:2      | Slain by a hobgoblin

Illustrated notes

Levels and vault maps discovered:
D:1:      dpeg_arrival_boxes_within_box, layout_rooms
D:2:      layout_rooms, minmay_ruptured, uniq_robin

Skill      XL: |  1  2 |
---------------+-------+-----
Stealth        | 1 |  1.3
Fighting       | |  1.4
Dodging        | |  2.3
Unarmed Combat | |  3.2
Shapeshifting  | |  3.2

Action                     || total
---------------------------++-------
  Melee: Unarmed           ||    13
         Constrict         ||    10
         Tentacles         ||     7
         Dagger            ||    22
   Stab: Sleeping          ||     1
 Armour: Skin              ||     4
  Dodge: Dodged            ||    37

Table legend: (Time is in decaauts)
 A = Elapsed time spent in this place.
 B = Non-inter-level travel time spent in this place.
 C = Inter-level travel time spent in this place.
 D = Time resting spent in this place.
 E = Time spent auto-exploring this place.
 F = Levels seen in this place.
 G = Mean time per level.
                   A        B        C        D        E       F      G
               +--------+--------+--------+--------+--------+-----+--------+
         Total |    631 |    591 |     40 |      8 |    487 |   2 |  315.5 |
       Dungeon |    631 |    591 |     40 |      8 |    487 |   2 |  315.5 |
               +--------+--------+--------+--------+--------+-----+--------+

Top non-repeatable levels by time:
     D:1: 621 daAuts
     D:2: 9 daAuts
